[Event "Australian-ch 2018"]
[Site "Sydney"]
[Date "2018.01.03"]
[Round "3"]
[White "Brown, Andrew"]
[Black "Loh, Zachary"]
[Result "0-1"]
[ECO "A00"]
[WhiteElo "2293"]
[BlackElo "2193"]
[Annotator "ChessBase"]
[PlyCount "58"]
[EventDate "2018.01.02"]
[EventType "tourn"]
[EventCountry "AUS"]
[SourceTitle "playchess.com"]
[Source "ChessBase"]
[SourceQuality "1"]
[TimeControl "40/5400+30:1800+30"]

1. Nf3 Nf6 2. c4 g6 3. Nc3 Bg7 4. e4 d6 5. d4 O-O 6. Be2 c5 7. d5 e6 8. h3 exd5 9. exd5 Re8 10. O-O a6 11. Bf4 Bf5 12. Nd2 Ne4 13. Ndxe4 Bxe4 14. Re1 Bf5 15. g4 g5 16. gxf5 gxf4 17. f6 Bxf6 18. Bd3 Rxe1+ 19. Qxe1 Bxc3 20. bxc3 Nd7 21. Qb1 Ne5 22. Bxh7+ Kh8 23. Bf5 Qg5+ 24. Kh1 f3 25. Bg4 Nxg4 26. Qg1 f5 27. hxg4 Kg7 28. Qg3 Rh8+ 29. Kg1 Rh4 0-1

[Event "Australian-ch 2018"]
[Site "Sydney"]
[Date "2018.01.03"]
[Round "3"]
[White "Guichard, Pauline"]
[Black "Willathgamuwa, Kevin"]
[Result "1/2-1/2"]
[ECO "A00"]
[WhiteElo "2269"]
[BlackElo "2113"]
[Annotator "ChessBase"]
[PlyCount "104"]
[EventDate "2018.01.02"]
[EventType "tourn"]
[EventCountry "AUS"]
[SourceTitle "playchess.com"]
[Source "ChessBase"]
[SourceQuality "1"]
[TimeControl "40/5400+30:1800+30"]

1. d4 d5 2. Bf4 Nf6 3. e3 e6 4. Nf3 c5 5. Nbd2 Nc6 6. c3 Bd6 7. Bg3 O-O 8. Bd3 b6 9. Qe2 Qc7 10. e4 dxe4 11. Nxe4 Nxe4 12. Bxe4 h6 13. dxc5 Bxg3 14. hxg3 bxc5 15. Qb5 Bb7 16. Qxc5 Rfc8 17. O-O Rab8 18. b3 a5 19. Rfd1 a4 20. b4 Ne7 21. Qxc7 Rxc7 22. Bxb7 Rbxb7 23. Rd8+ Kh7 24. Ra8 Nd5 25. a3 Nxc3 26. Kf1 Ra7 27. Rxa7 Rxa7 28. Nd4 Rd7 29. Rc1 Ne4 30. Ne2 Rd3 31. f3 Nf6 32. Ra1 Nd5 33. Kf2 Rd2 34. Ke1 Rb2 35. Rc1 Rb3 36. Nf4 Rxa3 37. Nxd5 exd5 38. Rb1 Rc3 39. Kd2 Rc4 40. b5 a3 41. b6 a2 42. Ra1 Rb4 43. Rxa2 Rxb6 44. Kc3 Rg6 45. g4 Rg5 46. Kd4 Kg6 47. Ra6+ f6 48. Ra5 Re5 49. Rxd5 Re2 50. g3 Rg2 51. Ke3 Ra2 52. Rd2 Ra3+ 1/2-1/2

[Event "Australian-ch 2018"]
[Site "Sydney"]
[Date "2018.01.03"]
[Round "3"]
[White "Kargosha, Bahman"]
[Black "Wright, Neil S"]
[Result "1-0"]
[ECO "A00"]
[WhiteElo "2210"]
[BlackElo "2126"]
[Annotator "ChessBase"]
[PlyCount "99"]
[EventDate "2018.01.02"]
[EventType "tourn"]
[EventCountry "AUS"]
[SourceTitle "playchess.com"]
[Source "ChessBase"]
[SourceQuality "1"]
[TimeControl "40/5400+30:1800+30"]

1. d4 Nf6 2. c4 c5 3. d5 b5 4. Nf3 g6 5. Qc2 Bg7 6. e4 O-O 7. cxb5 a6 8. Nc3 Ne8 9. a4 Nd6 10. Ra3 Bb7 11. Bf4 axb5 12. Bxb5 Nxb5 13. Nxb5 Na6 14. O-O f5 15. Be5 Nb4 16. Qxc5 fxe4 17. Bxg7 Kxg7 18. Qd4+ Rf6 19. Qxe4 Nxd5 20. Nfd4 Qb6 21. Rfa1 Raf8 22. Nf3 Nf4 23. Qxe7+ R8f7 24. Qe3 Qa5 25. Qa7 Ne2+ 26. Kf1 Ba6 27. Qc5 d6 28. b4 Qd8 29. Qc2 Nf4 30. Re1 Qa8 31. Ree3 Qd5 32. Kg1 g5 33. Ne1 Bb7 34. f3 g4 35. Nc7 Qd4 36. Ne8+ Kh6 37. Nxf6 Rxf6 38. Kf1 Qxb4 39. Qc3 Ba6+ 40. Kf2 Nd5 41. Qxb4 Nxb4 42. Re4 Nd5 43. Rxg4 Nf4 44. Rb3 Bc8 45. Rh4+ Kg6 46. Rb4 Nd5 47. Rb8 Ba6 48. Rd4 Nc3 49. Rb6 Bc8 50. Rc6 1-0

[Event "Australian-ch 2018"]
[Site "Sydney"]
[Date "2018.01.03"]
[Round "3"]
[White "Kethro, Michael"]
[Black "Hardegen, Andrew"]
[Result "1/2-1/2"]
[ECO "A00"]
[WhiteElo "2195"]
[BlackElo "1999"]
[Annotator "ChessBase"]
[PlyCount "50"]
[EventDate "2018.01.02"]
[EventType "tourn"]
[EventCountry "AUS"]
[SourceTitle "playchess.com"]
[Source "ChessBase"]
[SourceQuality "1"]
[TimeControl "40/5400+30:1800+30"]

1. d4 d5 2. c4 c6 3. Nf3 Nf6 4. Nc3 a6 5. e3 b5 6. b3 Bg4 7. Be2 e6 8. O-O Nbd7 9. h3 Bh5 10. Bb2 Qb8 11. cxd5 cxd5 12. Ne5 Bxe2 13. Nxe2 Bd6 14. Nxd7 Nxd7 15. Nc1 O-O 16. Nd3 Ra7 17. Rc1 Rc8 18. Qd2 Rxc1 19. Rxc1 Rc7 20. Rxc7 Qxc7 21. Qc3 Qxc3 22. Bxc3 f6 23. Kf1 Kf7 24. Ke2 Nb8 25. f3 Nc6 1/2-1/2

[Event "Australian-ch 2018"]
[Site "Sydney"]
[Date "2018.01.03"]
[Round "3"]
[White "Ferozkohi, Ihsan"]
[Black "Lane, Gary W"]
[Result "0-1"]
[ECO "D02"]
[WhiteElo "2130"]
[BlackElo "2401"]
[Annotator "ChessBase"]
[PlyCount "112"]
[EventDate "2018.01.02"]
[EventType "tourn"]
[EventCountry "AUS"]
[SourceTitle "playchess.com"]
[Source "ChessBase"]
[SourceQuality "1"]
[TimeControl "40/5400+30:1800+30"]

1. Nf3 d5 2. d4 Nf6 3. g3 c6 4. Bg2 Nbd7 5. O-O e6 6. Nbd2 Bd6 7. e4 dxe4 8. Ng5 O-O 9. Ndxe4 Be7 10. Qd3 Nxe4 11. Nxe4 e5 12. h4 h6 13. d5 cxd5 14. Qxd5 Qc7 15. Qb3 Nb6 16. Qc3 Nd5 17. Qxc7 Nxc7 18. Be3 b6 19. Rfd1 Bg4 20. f3 Be6 21. Bf2 Rad8 22. b3 Ba3 23. c4 Na6 24. Nc3 Bb2 25. Rxd8 Rxd8 26. Rd1 Rxd1+ 27. Nxd1 Ba1 28. Be1 Bd4+ 29. Bf2 Nb4 30. Bxd4 exd4 31. a3 Nc2 32. Bf1 Nxa3 33. Bd3 Kf8 34. Nf2 Ke7 35. f4 b5 36. f5 bxc4 37. fxe6 cxd3 38. exf7 d2 39. Kf1 d3 40. Nd1 Nc2 41. Kf2 a5 42. Kf3 Nd4+ 43. Ke4 Nxb3 44. Kxd3 Kxf7 45. Kc3 a4 46. Kb4 Nc5 47. g4 Ke6 48. Kc3 a3 49. Kc2 Nd3 50. Nc3 Nb4+ 51. Kb3 a2 52. Kb2 Ke5 53. g5 h5 54. Nd1 Kf4 55. Nf2 Kf3 56. Nd1 Ke2 0-1

[Event "Australian-ch 2018"]
[Site "Sydney"]
[Date "2018.01.03"]
[Round "3"]
[White "Huynh, Arthur"]
[Black "Nakauchi, Gene"]
[Result "0-1"]
[ECO "A00"]
[WhiteElo "2042"]
[BlackElo "2208"]
[Annotator "ChessBase"]
[PlyCount "50"]
[EventDate "2018.01.02"]
[EventType "tourn"]
[EventCountry "AUS"]
[SourceTitle "playchess.com"]
[Source "ChessBase"]
[SourceQuality "1"]
[TimeControl "40/5400+30:1800+30"]

1. d4 Nf6 2. c4 c5 3. d5 e6 4. Nc3 exd5 5. cxd5 d6 6. g3 g6 7. Bg2 Bg7 8. Nf3 O-O 9. O-O h6 10. Nd2 a6 11. a4 Nbd7 12. e4 Ne5 13. Qe2 Nh7 14. f4 Bg4 15. Nf3 Nxf3+ 16. Bxf3 Bxf3 17. Qxf3 Re8 18. a5 b5 19. axb6 Qxb6 20. Kg2 Qb3 21. Rf2 Bd4 22. Be3 Nf6 23. Ra3 Qb7 24. e5 Bxe3 25. Qxe3 Ng4 0-1

[Event "Australian-ch 2018"]
[Site "Sydney"]
[Date "2018.01.03"]
[Round "3"]
[White "Yang, Ray"]
[Black "Silver, Dmitri"]
[Result "1/2-1/2"]
[ECO "A00"]
[WhiteElo "2003"]
[BlackElo "1905"]
[Annotator "NA"]
[PlyCount "101"]
[EventDate "2018.01.02"]
[EventType "tourn"]
[EventCountry "AUS"]
[SourceTitle "playchess.com"]
[Source "ChessBase"]
[SourceQuality "1"]
[TimeControl "40/5400+30:1800+30"]

1. d4 d5 2. c4 c6 3. cxd5 cxd5 4. Bf4 Nc6 5. e3 Nf6 6. Nc3 e6 7. Bd3 Bd6 8. Bxd6 Qxd6 9. f4 O-O 10. Nf3 Nb4 11. Bb1 Qa6 12. a3 Nc6 13. Bd3 Qb6 14. O-O Bd7 15. Na4 Qd8 16. Nc5 Rb8 17. Rc1 a5 18. Ne5 Be8 19. Rf3 g6 20. Rh3 Nxe5 21. fxe5 Nd7 22. Qg4 Nxc5 23. Rxc5 b6 24. Rc2 f6 25. exf6 Qxf6 26. Rf3 Qe7 27. Rxf8+ Qxf8 28. Qxe6+ Bf7 29. Qf6 Re8 30. Qf4 Qe7 31. Rf2 Kg7 32. h4 Bg8 33. Kh2 Qxe3 34. Qf6+ Kh6 35. Be2 Qe7 36. Qf4+ Kg7 37. h5 gxh5 38. Bxh5 Rf8 39. Qg3+ Kh6 40. Re2 Qg5 41. Re5 Rf5 42. Rxf5 Qxf5 43. Bf3 Qf6 44. Qh3+ Kg7 45. Qg4+ Kf8 46. Kg3 Bf7 47. Qf4 Kg7 48. Qxf6+ Kxf6 49. Kf4 h6 50. g4 Be6 51. Be2 1/2-1/2

[Event "Australian-ch 2018"]
[Site "Sydney"]
[Date "2018.01.03"]
[Round "3"]
[White "Willathgamuwa, Rowan"]
[Black "Reilly, Tim"]
[Result "0-1"]
[ECO "A00"]
[WhiteElo "1980"]
[BlackElo "2169"]
[Annotator "ChessBase"]
[PlyCount "48"]
[EventDate "2018.01.02"]
[EventType "tourn"]
[EventCountry "AUS"]
[SourceTitle "playchess.com"]
[Source "ChessBase"]
[SourceQuality "1"]
[TimeControl "40/5400+30:1800+30"]

1. Nf3 g6 2. g3 Bg7 3. Bg2 e5 4. d3 d6 5. c4 f5 6. Nc3 Nf6 7. O-O O-O 8. Rb1 Nc6 9. b4 h6 10. Bd2 g5 11. e3 Be6 12. Qb3 f4 13. exf4 exf4 14. Rfe1 Bg4 15. Ne2 Qd7 16. Bc3 Rae8 17. Ned4 Nxd4 18. Nxd4 c6 19. b5 c5 20. Nf3 Qf5 21. Qd1 Rxe1+ 22. Bxe1 fxg3 23. fxg3 Nd7 24. Kf2 Bd4+ 0-1

[Event "Australian-ch 2018"]
[Site "Sydney"]
[Date "2018.01.03"]
[Round "3"]
[White "Leaver, Kyle"]
[Black "Solomon, Stephen J"]
[Result "0-1"]
[ECO "A56"]
[WhiteElo "1973"]
[BlackElo "2365"]
[Annotator "ChessBase"]
[PlyCount "118"]
[EventDate "2018.01.02"]
[EventType "tourn"]
[EventCountry "AUS"]
[SourceTitle "playchess.com"]
[Source "ChessBase"]
[SourceQuality "1"]
[TimeControl "40/5400+30:1800+30"]

1. d4 Nf6 2. c4 c5 3. d5 e5 4. Nc3 d6 5. e4 Be7 6. g3 O-O 7. Bg2 Ne8 8. Nge2 Bg5 9. f4 exf4 10. gxf4 Bh4+ 11. Ng3 f5 12. O-O fxe4 13. Ngxe4 h6 14. Qh5 Bf5 15. Ng5 Bxg5 16. fxg5 g6 17. Qxh6 Qe7 18. Be4 Bxe4 19. Rxf8+ Qxf8 20. Nxe4 Qf5 21. Nf6+ Nxf6 22. gxf6 Qxf6 23. Bg5 Qd4+ 24. Be3 Qg4+ 25. Kh1 Qe4+ 26. Kg1 Nd7 27. Qf4 Re8 28. Bd2 Qd3 29. Re1 Ne5 30. Rf1 Qxc4 31. Qxc4 Nxc4 32. Bc3 Rf8 33. Re1 b5 34. Re6 b4 35. Be1 Rf5 36. b3 Rg5+ 37. Bg3 Nb6 38. Rxd6 Kf7 39. Rc6 Rxd5 40. Kf1 Rd2 41. Rc7+ Ke6 42. Rxa7 Nd5 43. Ra6+ Kf5 44. Rc6 Ke4 45. Ke1 Rxa2 46. Rxc5 Rb2 47. Kd1 Rxb3 48. Kc2 Rf3 49. Rb5 Rc3+ 50. Kb2 Re3 51. Kc2 g5 52. Kd2 g4 53. Kc2 Rd3 54. Rb7 Ne3+ 55. Kb2 Nc4+ 56. Kc2 Rc3+ 57. Kb1 b3 58. Be1 Rd3 59. Bg3 Rd1# 0-1

[Event "Australian-ch 2018"]
[Site "Sydney"]
[Date "2018.01.03"]
[Round "3"]
[White "Parle, Hughston"]
[Black "Winkelman, Albert"]
[Result "1/2-1/2"]
[ECO "A00"]
[WhiteElo "1961"]
[BlackElo "2017"]
[Annotator "NA"]
[PlyCount "89"]
[EventDate "2018.01.02"]
[EventType "tourn"]
[EventCountry "AUS"]
[SourceTitle "playchess.com"]
[Source "ChessBase"]
[SourceQuality "1"]
[TimeControl "40/5400+30:1800+30"]

1. e4 e5 2. Nf3 Nc6 3. c3 d5 4. d3 Nf6 5. Nbd2 a5 6. Be2 Bc5 7. O-O O-O 8. Qc2 Re8 9. h3 h6 10. Re1 b6 11. Nf1 Bb7 12. Ng3 Bd6 13. Nh2 Ne7 14. Ng4 Ng6 15. Nf5 dxe4 16. Nxf6+ Qxf6 17. dxe4 Bc5 18. Bc4 Nh4 19. Ng3 Rad8 20. Qe2 Bc8 21. Be3 Bxe3 22. Qxe3 Rd6 23. Rad1 Red8 24. Qe2 Ng6 25. Rxd6 Rxd6 26. Rd1 Nf4 27. Qe1 Rxd1 28. Qxd1 Qg5 29. Qa4 Be6 30. Bxe6 fxe6 31. Qd1 h5 32. Qf3 h4 33. Nf1 Qd8 34. Ne3 Qd3 35. Qd1 Qxe4 36. Qd8+ Kf7 37. Qxc7+ Kg6 38. Qc4 Qb1+ 39. Kh2 Kh7 40. b4 Qe1 41. Qe4+ Kg8 42. Qa8+ Kh7 43. Qe4+ Kg8 44. Qa8+ Kh7 45. Qe4+ 1/2-1/2

[Event "Australian-ch 2018"]
[Site "Sydney"]
[Date "2018.01.03"]
[Round "3"]
[White "Asaka, Samuel"]
[Black "Puccini, Jack"]
[Result "0-1"]
[ECO "E73"]
[WhiteElo "1959"]
[BlackElo "2278"]
[Annotator "ChessBase"]
[PlyCount "62"]
[EventDate "2018.01.02"]
[EventType "tourn"]
[EventCountry "AUS"]
[SourceTitle "playchess.com"]
[Source "ChessBase"]
[SourceQuality "1"]
[TimeControl "40/5400+30:1800+30"]

1. d4 Nf6 2. c4 g6 3. Nc3 Bg7 4. e4 d6 5. Be2 O-O 6. Be3 e5 7. d5 Na6 8. g4 Nc5 9. f3 h5 10. g5 Nh7 11. h4 f6 12. gxf6 Bxf6 13. Bf2 Be7 14. Kd2 a5 15. b3 c6 16. Kc2 Bd7 17. Qe1 Qc8 18. Rd1 cxd5 19. Nxd5 Bd8 20. Kb1 Nf6 21. Bf1 a4 22. b4 Ne6 23. a3 Nd4 24. Rxd4 exd4 25. Bxd4 Nxd5 26. cxd5 Bf6 27. Qd2 Bxd4 28. Qxd4 Qc7 29. Bd3 Rac8 30. Ne2 Rxf3 31. Rg1 Bb5 0-1

[Event "Australian-ch 2018"]
[Site "Sydney"]
[Date "2018.01.04"]
[Round "4"]
[White "Lane, Gary W"]
[Black "Kargosha, Bahman"]
[Result "1/2-1/2"]
[ECO "C80"]
[WhiteElo "2401"]
[BlackElo "2210"]
[Annotator "ChessBase"]
[PlyCount "84"]
[EventDate "2018.01.02"]
[EventType "tourn"]
[EventCountry "AUS"]
[SourceTitle "playchess.com"]
[Source "ChessBase"]
[SourceQuality "1"]
[TimeControl "40/5400+30:1800+30"]

1. e4 e5 2. Nf3 Nc6 3. Bb5 a6 4. Ba4 Nf6 5. O-O Nxe4 6. d4 b5 7. Bb3 d5 8. dxe5 Be6 9. Nbd2 Nc5 10. c3 Be7 11. Qe2 d4 12. Bxe6 Nxe6 13. Qe4 Qd7 14. Nxd4 Nexd4 15. cxd4 Rd8 16. Nf3 Nxd4 17. Nxd4 Qxd4 18. Qc6+ Rd7 19. Be3 Qd5 20. Rac1 O-O 21. f4 Qd3 22. Rf3 Rfd8 23. f5 Qe2 24. h3 Qxb2 25. Bf4 Qd4+ 26. Kh2 Qb6 27. f6 Qxc6 28. Rxc6 gxf6 29. exf6 Bd6 30. Bxd6 cxd6 31. Rxa6 d5 32. Rb6 d4 33. Rg3+ Kh8 34. Rxb5 Rd6 35. Rf3 d3 36. Rb1 d2 37. Rd1 Rc8 38. Rb3 h6 39. Rb2 Rcd8 40. Rb7 Rxf6 41. Rb2 Rfd6 42. a4 Ra8 1/2-1/2

[Event "Australian-ch 2018"]
[Site "Sydney"]
[Date "2018.01.04"]
[Round "4"]
[White "Clarke, Brandon G I"]
[Black "Izzat, Kanan"]
[Result "1/2-1/2"]
[ECO "B45"]
[WhiteElo "2360"]
[BlackElo "2487"]
[Annotator "RC"]
[PlyCount "87"]
[EventDate "2018.01.02"]
[EventType "tourn"]
[EventCountry "AUS"]
[SourceTitle "playchess.com"]
[Source "ChessBase"]
[SourceQuality "1"]
[TimeControl "40/5400+30:1800+30"]

1. e4 c5 2. Nf3 e6 3. d4 cxd4 4. Nxd4 Nc6 5. Nc3 d6 6. Be3 a6 7. Qd2 Nf6 8. O-O-O Be7 9. f3 Qc7 10. g4 b5 11. g5 Nd7 12. f4 Nc5 13. Bxb5 axb5 14. Ndxb5 Qb7 15. Nxd6+ Bxd6 16. Qxd6 Na4 17. Nxa4 Rxa4 18. a3 Rxe4 19. Rd3 f5 20. gxf6 gxf6 21. Rhd1 Rc4 22. b3 Re4 23. Qc5 Rg8 24. Rd6 Ne7 25. Qh5+ Ng6 26. f5 exf5 27. Rd8+ Kf7 28. Rxg8 Rh4 29. Qxh4 Nxh4 30. Rdd8 f4 31. Rdf8+ Ke6 32. Bd4 Bd7 33. Rxf6+ Kd5 34. Rxf4 Ng6 35. c4+ Kd6 36. Rf6+ Ke7 37. Rg7+ Ke8 38. Re6+ Kf8 39. Rf6+ Ke8 40. Rg8+ Ke7 41. Rg7+ Ke8 42. Rg8+ Ke7 43. Rg7+ Ke8 44. Rg8+ 1/2-1/2

[Event "Australian-ch 2018"]
[Site "Sydney"]
[Date "2018.01.04"]
[Round "4"]
[White "Puccini, Jack"]
[Black "Cheng, Bobby"]
[Result "0-1"]
[ECO "C11"]
[WhiteElo "2278"]
[BlackElo "2504"]
[Annotator "RC"]
[PlyCount "90"]
[EventDate "2018.01.02"]
[EventType "tourn"]
[EventCountry "AUS"]
[SourceTitle "playchess.com"]
[Source "ChessBase"]
[SourceQuality "1"]
[TimeControl "40/5400+30:1800+30"]

1. e4 e6 2. d4 d5 3. Nc3 Nf6 4. Bg5 dxe4 5. Nxe4 Be7 6. Bxf6 gxf6 7. Qd3 f5 8. Nc3 Qd6 9. O-O-O Nd7 10. Nf3 a6 11. d5 Qf4+ 12. Kb1 Nc5 13. Qe2 Ne4 14. Qc4 Bd6 15. Nxe4 fxe4 16. Rd4 f5 17. dxe6 Ke7 18. Be2 Bxe6 19. Qc3 Rhd8 20. g3 Qh6 21. Nh4 b6 22. Qc6 Qf6 23. Rxd6 cxd6 24. Qb7+ Bd7 25. Rd1 Rab8 26. Qxa6 Bc6 27. Qa7+ Rb7 28. Qa3 Kf7 29. Qe3 Re7 30. Bc4+ d5 31. Bb3 Bb7 32. Rd4 f4 33. Qxf4 Qxf4 34. gxf4 Kf6 35. Kc1 Rg7 36. h3 Rg1+ 37. Kd2 Rh1 38. Ng2 Rh2 39. Ne3 Rxf2+ 40. Ke1 Rxf4 41. Rb4 Rd6 42. c3 Rf3 43. Kd2 Rxh3 44. a4 Rh2+ 45. Kc1 Re2 0-1

[Event "Australian-ch 2018"]
[Site "Sydney"]
[Date "2018.01.04"]
[Round "4"]
[White "Zhang, Jilin"]
[Black "Asaka, Samuel"]
[Result "1/2-1/2"]
[ECO "A00"]
[WhiteElo "2267"]
[BlackElo "1959"]
[Annotator "ChessBase"]
[PlyCount "50"]
[EventDate "2018.01.02"]
[EventType "tourn"]
[EventCountry "AUS"]
[SourceTitle "playchess.com"]
[Source "ChessBase"]
[SourceQuality "1"]
[TimeControl "40/5400+30:1800+30"]

1. e4 c6 2. d4 d5 3. Nc3 dxe4 4. Nxe4 Bf5 5. Ng3 Bg6 6. h4 h6 7. Nf3 Nd7 8. h5 Bh7 9. Bd3 Bxd3 10. Qxd3 e6 11. Bd2 Ngf6 12. O-O-O Be7 13. Qe2 c5 14. Rhe1 cxd4 15. Nf5 exf5 16. Ba5 b6 17. Nxd4 Kf8 18. Nc6 Qe8 19. Qb5 Ne4 20. Nxe7 Ndc5 21. Qxe8+ Rxe8 22. Bb4 Kxe7 23. Bxc5+ bxc5 24. f3 Kf6 25. fxe4 Rxe4 1/2-1/2

[Event "Australian-ch 2018"]
[Site "Sydney"]
[Date "2018.01.04"]
[Round "4"]
[White "Nakauchi, Gene"]
[Black "Guichard, Pauline"]
[Result "1-0"]
[ECO "B06"]
[WhiteElo "2208"]
[BlackElo "2269"]
[Annotator "ChessBase"]
[PlyCount "69"]
[EventDate "2018.01.02"]
[EventType "tourn"]
[EventCountry "AUS"]
[SourceTitle "playchess.com"]
[Source "ChessBase"]
[SourceQuality "1"]
[TimeControl "40/5400+30:1800+30"]

1. d4 d6 2. e4 g6 3. Nf3 Bg7 4. Nc3 a6 5. a4 Nf6 6. Bc4 O-O 7. O-O Nxe4 8. Bxf7+ Rxf7 9. Nxe4 d5 10. Neg5 Rf8 11. Re1 Qd6 12. Qe2 Nc6 13. c3 h6 14. Ne6 Bxe6 15. Qxe6+ Qxe6 16. Rxe6 Kf7 17. Re2 g5 18. h4 g4 19. Nh2 h5 20. Bf4 Bf6 21. f3 gxf3 22. Nxf3 Rac8 23. Ng5+ Bxg5 24. Bxg5 Rce8 25. Bh6 Rh8 26. Rf1+ Kg8 27. Bf4 Rc8 28. Be5 Rh7 29. Rf5 e6 30. Rf6 Rf8 31. Rxe6 Rf5 32. Re8+ Kf7 33. Bxc7 Rg7 34. Bd6 Kg6 35. Be5 1-0

[Event "Australian-ch 2018"]
[Site "Sydney"]
[Date "2018.01.04"]
[Round "4"]
[White "Loh, Zachary"]
[Black "Morris, James"]
[Result "0-1"]
[ECO "C44"]
[WhiteElo "2193"]
[BlackElo "2477"]
[Annotator "ChessBase"]
[PlyCount "168"]
[EventDate "2018.01.02"]
[EventType "tourn"]
[EventCountry "AUS"]
[SourceTitle "playchess.com"]
[Source "ChessBase"]
[SourceQuality "1"]
[TimeControl "40/5400+30:1800+30"]

1. e4 e5 2. Nf3 Nc6 3. d4 exd4 4. Nxd4 Nf6 5. Nxc6 bxc6 6. Bd3 d6 7. O-O g6 8. Bg5 Bg7 9. Nd2 h6 10. Bh4 O-O 11. c3 g5 12. Bg3 Rb8 13. Qc2 Nh5 14. Nc4 Nf4 15. Ne3 Nxd3 16. Qxd3 Rxb2 17. f4 Qf6 18. e5 dxe5 19. fxe5 Qd8 20. Qe4 Be6 21. Rad1 Rd2 22. h4 Rxd1 23. Rxd1 Qe7 24. Nf5 Bxf5 25. Qxf5 gxh4 26. Bf4 Qc5+ 27. Kh2 Qxc3 28. Rc1 Qd4 29. Rxc6 Qd5 30. Rxc7 Qxa2 31. Rc6 Qf2 32. Qg4 Kh8 33. Rc7 Qb6 34. e6 Qxe6 35. Qxh4 a6 36. Rc1 Re8 37. Rd1 Qg6 38. Rd6 Re6 39. Rd5 Qe4 40. Rd8+ Kh7 41. Rd7 Rg6 42. Bg3 Qxh4+ 43. Bxh4 Be5+ 44. Kg1 Kg7 45. Rd5 Bc7 46. Be1 Rc6 47. Kf2 Kg6 48. Bb4 h5 49. Kf3 f6 50. Rd7 Be5 51. Rd8 Rc4 52. Be1 Bf4 53. Rg8+ Kh7 54. Ra8 Ra4 55. Bh4 Bg5 56. Be1 Kg6 57. Ra7 Kf5 58. Rc7 Ra3+ 59. Ke2 h4 60. Rc4 h3 61. gxh3 Rxh3 62. Ra4 Re3+ 63. Kf2 Re6 64. Bc3 Rc6 65. Bd4 Ke6 66. Kf3 Kd5 67. Bf2 Bc1 68. Ra5+ Ke6 69. Bd4 Bd2 70. Ra2 Bb4 71. Rh2 a5 72. Bxf6 Kd5 73. Bb2 Re6 74. Re2 Rh6 75. Rc2 a4 76. Rc8 Rh3+ 77. Kg4 Rb3 78. Bf6 a3 79. Kf4 Bd6+ 80. Kf5 Rf3+ 81. Kg6 a2 82. Rc1 Rf2 83. Ba1 Ba3 84. Rh1 Bb2 0-1

[Event "Australian-ch 2018"]
[Site "Sydney"]
[Date "2018.01.04"]
[Round "4"]
[White "Reilly, Tim"]
[Black "Huynh, Arthur"]
[Result "1/2-1/2"]
[ECO "A00"]
[WhiteElo "2169"]
[BlackElo "2042"]
[Annotator "ChessBase"]
[PlyCount "57"]
[EventDate "2018.01.02"]
[EventType "tourn"]
[EventCountry "AUS"]
[SourceTitle "playchess.com"]
[Source "ChessBase"]
[SourceQuality "1"]
[TimeControl "40/5400+30:1800+30"]

1. d4 Nf6 2. c4 e6 3. Nc3 Bb4 4. e3 O-O 5. Nge2 d5 6. a3 Be7 7. cxd5 exd5 8. Nf4 c6 9. Bd3 Na6 10. O-O Nc7 11. b4 Ne6 12. Nxe6 Bxe6 13. Bd2 h6 14. Qe2 a5 15. b5 c5 16. dxc5 Bxc5 17. Na4 Rc8 18. Rfc1 Qd6 19. Nxc5 Rxc5 20. Bc3 Rfc8 21. Qb2 Ng4 22. g3 f6 23. Bd4 Rxc1+ 24. Rxc1 Rxc1+ 25. Qxc1 Ne5 26. Be2 Kf7 27. Qc3 Ke7 28. Kg2 Kd7 29. a4 1/2-1/2

[Event "Australian-ch 2018"]
[Site "Sydney"]
[Date "2018.01.04"]
[Round "4"]
[White "McNamara, Gary"]
[Black "Leaver, Kyle"]
[Result "0-1"]
[ECO "A00"]
[WhiteElo "2134"]
[BlackElo "1973"]
[Annotator "ChessBase"]
[PlyCount "130"]
[EventDate "2018.01.02"]
[EventType "tourn"]
[EventCountry "AUS"]
[SourceTitle "playchess.com"]
[Source "ChessBase"]
[SourceQuality "1"]
[TimeControl "40/5400+30:1800+30"]

1. e4 e6 2. d4 d5 3. e5 c5 4. c3 Nc6 5. Nf3 Qb6 6. a3 c4 7. Nbd2 Na5 8. g3 Bd7 9. Bh3 h6 10. Nh4 g5 11. Ng2 O-O-O 12. Qf3 Be8 13. Ne3 Kb8 14. Qe2 Bg7 15. f4 f5 16. O-O Ne7 17. Rf2 Rc8 18. Bf1 Ka8 19. Nf3 Nb3 20. Rb1 Bh5 21. Ng2 g4 22. Nfh4 Nxc1 23. Rxc1 Be8 24. Ne3 Ba4 25. Qd2 Bf8 26. Be2 h5 27. Bd1 Bxd1 28. Qxd1 Rg8 29. Qa4 Qc6 30. Qc2 Ng6 31. Nhxf5 exf5 32. Qxf5 Rh8 33. Qf7 Ne7 34. Re1 h4 35. Rg2 hxg3 36. hxg3 Qd7 37. f5 Rd8 38. Rf1 Bh6 39. Nxg4 Rdf8 40. Nxh6 Rxf7 41. Nxf7 Rh3 42. e6 Qe8 43. g4 a6 44. Rf4 Qg8 45. g5 Qh7 46. Nh6 Ka7 47. Rh2 Rg3+ 48. Rg2 Rh3 49. Rh2 Rg3+ 50. Rg2 Rxg5 51. Rxg5 Qxh6 52. Rgg4 Qf6 53. Kf2 Nxf5 54. e7 Qe6 55. e8=Q Qxe8 56. Rxf5 Qb5 57. Rf3 Qxb2+ 58. Kg3 Qxa3 59. Rg5 Qd6+ 60. Kg2 a5 61. Rff5 a4 62. Rxd5 Qc6 63. Kh2 b6 64. Rde5 a3 65. Rg2 Qh6+ 0-1

[Event "Australian-ch 2018"]
[Site "Sydney"]
[Date "2018.01.04"]
[Round "4"]
[White "Wright, Neil S"]
[Black "Parle, Hughston"]
[Result "0-1"]
[ECO "A00"]
[WhiteElo "2126"]
[BlackElo "1961"]
[Annotator "ChessBase"]
[PlyCount "72"]
[EventDate "2018.01.02"]
[EventType "tourn"]
[EventCountry "AUS"]
[SourceTitle "playchess.com"]
[Source "ChessBase"]
[SourceQuality "1"]
[TimeControl "40/5400+30:1800+30"]

1. e4 c5 2. d4 cxd4 3. c3 dxc3 4. Nxc3 Nc6 5. Nf3 d6 6. Bc4 a6 7. O-O Nf6 8. Bf4 Bg4 9. h3 Bxf3 10. Qxf3 e6 11. Rfd1 Qb8 12. Be2 Ne5 13. Bxe5 dxe5 14. Qg3 g6 15. Qe3 Be7 16. Na4 b5 17. Nb6 Ra7 18. Nc8 Rc7 19. Nxe7 Kxe7 20. g4 Rhc8 21. g5 Ne8 22. Qa3+ Rc5 23. Qxa6 Nd6 24. f3 Rc2 25. Bf1 R8c6 26. Qa5 b4 27. Qxe5 Qb6+ 28. Qd4 Qxd4+ 29. Rxd4 Rxb2 30. Rad1 Rxa2 31. e5 Nf5 32. Rd8 Rc7 33. Bb5 Ng7 34. Rg8 Ra5 35. Rb8 b3 36. Rdd8 Rxb5 0-1

[Event "Australian-ch 2018"]
[Site "Sydney"]
[Date "2018.01.04"]
[Round "4"]
[White "Willathgamuwa, Kevin"]
[Black "Brown, Andrew"]
[Result "0-1"]
[ECO "A00"]
[WhiteElo "2113"]
[BlackElo "2293"]
[Annotator "ChessBase"]
[PlyCount "114"]
[EventDate "2018.01.02"]
[EventType "tourn"]
[EventCountry "AUS"]
[SourceTitle "playchess.com"]
[Source "ChessBase"]
[SourceQuality "1"]
[TimeControl "40/5400+30:1800+30"]

1. e4 e5 2. Nf3 Nc6 3. d4 exd4 4. Bc4 Bc5 5. c3 d6 6. cxd4 Bb6 7. O-O Bg4 8. Bb5 a6 9. Bxc6+ bxc6 10. Be3 Ne7 11. h3 Bxf3 12. Qxf3 O-O 13. Nc3 f5 14. exf5 Rxf5 15. Qg4 Qd7 16. h4 Nd5 17. Nxd5 cxd5 18. Rac1 Re8 19. Rc3 Re4 20. Qh3 Rf7 21. Qxd7 Rxd7 22. Rd1 Rxh4 23. f3 g5 24. g3 Rh6 25. Bxg5 Rg6 26. Bf4 Rf7 27. Kf2 h5 28. Be3 Rgf6 29. f4 Kg7 30. Kf3 Kg6 31. g4 hxg4+ 32. Kxg4 Rh7 33. Rg1 Rh2 34. Kf3+ Kf5 35. Rg5+ Ke6 36. Rg2 Rxg2 37. Kxg2 Kf5 38. Kf3 Rh6 39. b4 Rh3+ 40. Kg2 Kg4 41. a4 a5 42. b5 Rh7 43. Bg1 Kxf4 44. Rf3+ Ke4 45. Re3+ Kf5 46. Rf3+ Ke6 47. Re3+ Kd7 48. Rh3 Re7 49. Re3 Re4 50. Rxe4 dxe4 51. Kg3 Ke6 52. Kf4 Kd5 53. Be3 Bxd4 54. Bd2 Bb6 55. Be1 Kd4 56. Kf5 Kd3 57. Ke6 e3 0-1